 Dungeon Crawl Stone Soup version 0.29-a0-330-g52719c12eb (webtiles) character file.

Game seed: 16924515438921582353

74 Aelig the Insei (level 4, -1/31 HPs)
             Began as a Vampire Transmuter on May 21, 2022.
             Slain by Ijyb
             ... wielding a +0 club
              (3 damage)
             ... on level 3 of the Dungeon.
             The game lasted 00:02:31 (1163 turns).

Aelig the Insei (Vampire Transmuter)                Turns: 1163, Time: 00:02:31

Health: -1/31      AC:  4    Str:  9    XL:     4   Next: 9%
Magic:  4/7        EV: 16    Int: 17    God:
Gold:   108        SH:  0    Dex: 14    Spells: 1/7 levels left

rFire   . . .      SeeInvis +     - Unarmed
rCold   . . .      Faith    .   (no shield)
rNeg    . . .      Spirit   .   a - +0 robe
rPois   .          Reflect  .   (no helmet)
rElec   .          Harm     .   (no cloak)
rCorr   .          Rampage  .   m - +1 pair of gloves
Will    .....                   (no boots)
Stlth   ++........              (no amulet)
HPRegen 0.30/turn               f - +4 ring of evasion
MPRegen 0.10/turn               (no ring)

@: wereblooded, healing quickly
A: alive, fangs 3, see invisible, vampiric 2
a: Exsanguinate


You were on level 3 of the Dungeon.
You visited 1 branch of the dungeon, and saw 3 of its levels.

You collected 108 gold pieces.

Inventory:

Missiles
 d - 115 stones (quivered)
 g - 2 throwing nets
Armour
 a - a +0 robe (worn)
 m - a +1 pair of gloves (worn)
Jewellery
 f - a +4 ring of evasion (left hand)
Wands
 l - a wand of polymorph (2)
Scrolls
 c - 2 scrolls of fog {unknown}
 e - 2 scrolls of teleportation {unknown}
 h - a scroll of magic mapping {unknown}
 i - a scroll of identify {unknown}
 j - a scroll of blinking {unknown}
Potions
 b - a potion of lignification
 k - 2 potions of cancellation {unknown}


   Skills:
 - Level 0.8 Fighting
 - Level 2.1 Dodging
 + Level 2.7 Stealth
 + Level 3.9 Unarmed Combat
 - Level 2.0 Spellcasting
 * Level 3.8 Transmutations


You had one spell level left.
You knew the following spells:

 Your Spells              Type           Power      Damage    Failure   Level
a - Beastly Appendage     Tmut           28%        N/A       4%          1
b - Wereblood             Tmut           14%        N/A       6%          2
c - Spider Form           Tmut/Pois      8%         N/A       26%         3

Your spell library contained the following spells:

 Spells                   Type           Power      Damage    Failure   Level
 Scorch                   Fire           2%         2d5       28%         2
 Ice Form                 Ice/Tmut       8%         N/A       65%         4
 Flame Wave               Conj/Fire      1%         2d4       88%         4
 Summon Cactus Giant      Summ           0%         N/A       100%        6


Dungeon Overview and Level Annotations

Branches:
Dungeon (3/15)

Altars:

Shops:
D:3 [

Annotations:
D:3 Ijyb


Innate Abilities, Weirdness & Mutations

Your natural rate of healing is accelerated.
You have razor-sharp teeth.
You have supernaturally acute eyesight. (SInv)
You are afflicted with vampirism and can become a bat while bloodless.


Message History

Ijyb hits you with a +0 club.
You hit Ijyb but do no damage. You claw Ijyb.
Ijyb is lightly wounded.
Ijyb misses you.
You hit Ijyb. You claw Ijyb. Your headbutt misses Ijyb.
Ijyb is moderately wounded.
Ijyb zaps a wand.
The puff of flame hits you! The rat closely misses you.
You hit the rat.
You feel a bit better.
You kill the rat!
Ijyb closely misses you.
You closely miss Ijyb.
Ijyb is moderately wounded.
Ijyb zaps a wand.
The puff of flame misses you.
You hit Ijyb but do no damage.
Ijyb is moderately wounded.
Ijyb hits you with a +0 club.
You hit Ijyb but do no damage. You claw Ijyb, but do no damage.
Ijyb is moderately wounded.
Ijyb zaps a wand.
The puff of flame hits you.
* * * LOW HITPOINT WARNING * * *
You miss Ijyb. Your headbutt misses Ijyb.
Ijyb is moderately wounded.
Ijyb screams, "Level is mine!
All mine!"
Ijyb hits you with a +0 club.
* * * LOW HITPOINT WARNING * * *
You completely miss Ijyb.
Ijyb is moderately wounded.
You howl as the wereblood boils in your veins!
Ijyb misses you.
You hit Ijyb but do no damage. You headbutt Ijyb.
Ijyb is heavily wounded.
Your horns disappear.
Your talons disappear.
Ijyb completely misses you.
You closely miss Ijyb.
Ijyb is heavily wounded.
Ijyb zaps a wand.
The puff of flame misses you.
You miss Ijyb.
Ijyb is heavily wounded.
Ijyb hits you with a +0 club.
You die...

#.......#
#........#
#....##.#
#......#.# #.....#
# #......# #
#.....#.###......#
#................#
#....##.#. #∩...#
.# #....# . #$.@.#
$ #.g.†# #......
#........
...........
............
..[..........
########......


You could see Ijyb.

Vanquished Creatures
  Terence (D:2)
  2 adders
  A worm (D:2)
  A dart slug (D:1)
  2 endoplasms
  A giant cockroach (D:2)
  2 goblins
  A hobgoblin (D:1)
  2 jackals (D:1)
  3 quokkas (D:1)
  2 ball pythons
  A bat (D:2)
  A frilled lizard (D:1)
  3 kobolds
  3 rats
26 creatures vanquished.

Notes
Turn   | Place    | Note
-------+----------+-------------------------------------------
     0 | D:1      | Aelig the Vampire Transmuter began the quest for the Orb.
     0 | D:1      | Reached XP level 1. HP: 14/14 MP: 3/3
   133 | D:1      | Reached skill level 1 in Stealth
   162 | D:1      | Reached XP level 2. HP: 20/20 MP: 3/5
   188 | D:1      | Found a faded altar of an unknown god.
   687 | D:1      | Learned a level 2 spell: Wereblood
   713 | D:2      | Noticed Terence
   726 | D:2      | Killed Terence
   727 | D:2      | Gained mutation: You are afflicted with vampirism and can
                  | become a bat while bloodless. [Vampire growth]
   727 | D:2      | Reached XP level 3. HP: 25/25 MP: 4/6
   989 | D:2      | Learned a level 3 spell: Spider Form
  1057 | D:3      | Reached XP level 4. HP: 31/31 MP: 7/7
  1133 | D:3      | Found Osoill's Antique Armour Shoppe.
  1148 | D:3      | Noticed Ijyb
  1159 | D:3      | HP: 1/31 [Ijyb/+0 club (5)]
  1163 | D:3      | Slain by Ijyb

Illustrated notes

Levels and vault maps discovered:
D:1:      co_arrival_random_square_maze, layout_basic,
          hellmonk_ecumenical_altar_crossroads, minmay_crystal_room,
          chequers_serial_rivers_micro_d
D:2:      layout_basic, st_stairs_13, minmay_statues_item,
          uniq_crazy_yiuf_cottage, uniq_terence, uniq_natasha
D:3:      layout_basic, cheibrodos_sewer_entry_sluice, serial_shops, shop,
          uniq_ijyb

Skill      XL: |  1  2 |
---------------+-------+-----
Stealth        | 1 2 |  2.7
Transmutations | 3 |  3.8
Fighting       | |  0.8
Dodging        | |  2.1
Unarmed Combat | |  3.9
Spellcasting   | |  2.0

Action                   |  1- 3 |  4- 6 || total
-------------------------+-------+-------++-------
Melee: Unarmed           |    64 |    15 ||    79
       Kick              |    15 |     4 ||    19
       Headbutt          |     5 |     1 ||     6
       Punch             |     2 |       ||     2
       Bite              |     3 |     1 ||     4
 Cast: Beastly Appendage |    17 |     2 ||    19
       Wereblood         |       |     2 ||     2
 Stab: Sleeping          |     2 |       ||     2
Armor: Robe              |     8 |       ||     8
       Skin              |     1 |       ||     1
Dodge: Dodged            |    39 |     9 ||    48

Table legend: (Time is in decaauts)
 A = Elapsed time spent in this place.
 B = Non-inter-level travel time spent in this place.
 C = Inter-level travel time spent in this place.
 D = Time resting spent in this place.
 E = Time spent auto-exploring this place.
 F = Levels seen in this place.
 G = Mean time per level.
                   A        B        C        D        E       F      G
               +--------+--------+--------+--------+--------+-----+--------+
         Total |   1156 |   1123 |     33 |    168 |    658 |   3 |  385.3 |
       Dungeon |   1156 |   1123 |     33 |    168 |    658 |   3 |  385.3 |
               +--------+--------+--------+--------+--------+-----+--------+

Top non-repeatable levels by time:
     D:1: 702 daAuts
     D:2: 316 daAuts
     D:3: 137 daAuts
